 Dungeon Crawl Stone Soup version 0.30.2 (webtiles) character file.

Game seed: 13796781894385445497

107 porpoise the Shooter (level 5, -1/40 HPs)
             Began as a Human Hunter on Apr 8, 2024.
             Succumbed to an adder's poison
             ... on level 3 of the Dungeon.
             The game lasted 00:04:08 (2100 turns).

porpoise the Shooter (Human Hunter)                 Turns: 2100, Time: 00:04:09

Health: -1/40      AC:  3    Str: 11    XL:     5   Next: 10%
Magic:  5/5        EV: 12    Int: 10    God:
Gold:   231        SH:  0    Dex: 18    Spells: 4/4 levels left

rFire   . . .        a - +0 shortbow
rCold   . . .        (shield currently unavailable)
rNeg    . . .        c - +0 leather armour
rPois   .            (no helmet)
rElec   .            (no cloak)
rCorr   .            (no gloves)
SInv    .            (no boots)
Will    .....        (no amulet)
Stlth   ++           (no ring)
HPRegen 0.26/turn    (no ring)
MPRegen 0.09/turn

%: clarity
@: mighty, lethally poisoned (-1 -> -9)
A: clarity
a: no special abilities


You were on level 3 of the Dungeon.
You visited 1 branch of the dungeon, and saw 3 of its levels.

You collected 231 gold pieces.

Inventory:

Hand Weapons
 a - a +0 shortbow (weapon)
 b - the +5 dagger of the Other Side {elec, Will+ SInv}
   (You found it on level 2 of the Dungeon)

   SInv:      It lets you see invisible.
   Will:      It increases your willpower.
Missiles
 o - a boomerang
Armour
 c - a +0 leather armour (worn)
Jewellery
 i - a ring of fire
Wands
 j - a wand of flame (10)
Scrolls
 d - a scroll of identify
 f - a scroll of fog {unknown}
 g - a scroll of torment
 h - a scroll of teleportation
 k - a scroll of amnesia {unknown}
 l - a scroll of immolation
Potions
 m - 2 potions of attraction


   Skills:
 + Level 2.9 Fighting
 * Level 5.1 Ranged Weapons
 - Level 2.0 Dodging
 + Level 2.4 Stealth


You had 4 spell levels left.
You didn't know any spells.
Your spell library was empty.

Dungeon Overview and Level Annotations

Branches:
Dungeon (3/15)

Altars:


Innate Abilities, Weirdness & Mutations

You possess an exceptional clarity of mind.


Message History

An adder is nearby!
An adder is nearby!
The adder bites you but does no damage.
Items here: ) [ ††.
You shoot an arrow. The arrow barely misses the adder.
The adder bites you but does no damage. The adder barely misses you.
You shoot an arrow. The arrow closely misses the adder.
The adder bites you.
You are poisoned.
The adder poisons you!
You shoot an arrow. The arrow closely misses the adder.
You feel sick. The adder closely misses you. The adder bites you.
You shoot an arrow. The arrow barely misses the adder.
You feel sick. The adder bites you.
You are more poisoned.
The adder poisons you!
You shoot an arrow. The arrow misses the adder.
You feel very sick. The adder bites you.
You are more poisoned.
The adder poisons you! The adder closely misses you.
You shoot an arrow. The arrow hits the adder.
The adder is moderately wounded.
* * * LOW HITPOINT WARNING * * *
You feel very sick. The adder barely misses you. The adder closely misses you.
You shoot an arrow. The arrow hits the adder.
The adder is heavily wounded.
* * * LOW HITPOINT WARNING * * *
You feel sick. The adder closely misses you. The adder bites you.
* * * LOW HITPOINT WARNING * * *
You are more poisoned.
The adder poisons you!
Really quaff the potion of mutation?
You feel extremely strange.
Your thoughts seem clearer.
* * * LOW HITPOINT WARNING * * *
You feel very sick. The adder barely misses you.
You feel very mighty all of a sudden.
You die...

#########.##.##...........# #.
#........##.##...........# #.
##...).......#...........# #.
#...........#...........######.
#...........####.#####.........
#...........# #.#####.####....
#..........># #†......# #....
#...........###############....
#.............@S...............
################...########....
#.......# #.... #.......# #####
#.......# # #.......# #
#..?.......# # #..........#
#....S.....#


You could see an adder.

Vanquished Creatures
  2 adders
  A gnoll (D:1)
  An ufetubus (D:3)
  A worm (D:2)
  5 orcs (D:3)
  5 endoplasms
  6 giant cockroaches
  5 goblins
  5 hobgoblins
  6 jackals
  4 kobolds
  2 quokkas (D:2)
  5 ball pythons
  7 bats
  4 frilled lizards
  2 rats (D:2)
61 creatures vanquished.

Notes
Turn   | Place    | Note
-------+----------+-------------------------------------------
     0 | D:1      | porpoise the Human Hunter began the quest for the Orb.
     0 | D:1      | Reached XP level 1. HP: 16/16 MP: 1/1
   130 | D:1      | Reached XP level 2. HP: 22/22 MP: 2/2
   465 | D:1      | Reached XP level 3. HP: 28/28 MP: 3/3
   739 | D:2      | Identified the +5 dagger of the Other Side {elec, Will+
                  | SInv}
   766 | D:2      | Found a faded altar of an unknown god.
   928 | D:2      | Reached XP level 4. HP: 34/34 MP: 4/4
  1818 | D:3      | Reached skill level 5 in Ranged Weapons
  1931 | D:3      | Reached XP level 5. HP: 29/40 MP: 5/5
  2099 | D:3      | Gained mutation: You possess an exceptional clarity of
                  | mind. [potion of mutation]
  2099 | D:3      | HP: 1/40 [poisoned by an adder]
  2100 | D:3      | Succumbed to an adder's poison

Illustrated notes

Levels and vault maps discovered:
D:1:      tarquinn_simple_flora_water_b, layout_basic
D:2:      layout_loops_corners, shapermc_ecumenical_altar_notcrosses
D:3:      layout_basic, amcnicky_mini_rare_corridor_liquid

Skill      XL: |  1  2  3  4 |
---------------+-------------+-----
Stealth        | 2 |  2.4
Ranged Weapons | 5 |  5.1
Fighting       | |  2.9
Dodging        | |  2.0

Action                     |  1- 3 |  4- 6 || total
---------------------------+-------+-------++-------
  Melee: Dagger            |     2 |     5 ||     7
   Fire: Shortbow          |    63 |   103 ||   166
    Use: Scroll            |     1 |     4 ||     5
         Potion            |       |     2 ||     2
 Armour: Leather armour    |     7 |    23 ||    30
  Dodge: Dodged            |    17 |    68 ||    85
